 Dungeon Crawl Stone Soup version 0.30.1-4-g462c640d31 (webtiles) character file.

Game seed: 1503359430183584480

1395 Wiggles the Cleaver (level 8, -3/71 HPs)
             Began as a Minotaur Berserker on Aug 18, 2023.
             Was an Elder of Trog.
             Killed from afar by a steam dragon (20 damage)
             ... with a ball of steam
             ... on level 6 of the Dungeon.
             The game lasted 00:07:08 (4100 turns).

Wiggles the Cleaver (Minotaur Berserker)            Turns: 4100, Time: 00:07:08

Health: -3/71      AC: 13    Str: 24    XL:     8   Next: 41%
Magic:  7/7        EV:  8    Int:  4    God:    Trog [****..]
Gold:   187        SH:  0    Dex: 10    Spells: 7/7 levels left

rFire   . . .        d - +0 war axe (venom)
rCold   . . .        (no shield)
rNeg    . . .        y - +0 plate armour
rPois   .            (helmet restricted)
rElec   .            z - +0 cloak
rCorr   .            (no gloves)
SInv    .            (no boots)
Will    .....        (no amulet) Stlth
                     p - ring of flight
HPRegen 0.31/turn    (no ring)
MPRegen 0.10/turn

%: no passive effects
@: flying
A: horns 2, retaliatory headbutt
a: Renounce Religion, Berserk, Trog's Hand, Brothers in Arms


You were on level 6 of the Dungeon.
You worshipped Trog.
Trog was greatly pleased with you.
You visited 1 branch of the dungeon, and saw 6 of its levels.
You also visited: Ossuary.

You collected 257 gold pieces.
You spent 70 gold pieces at shops.

Inventory:

Hand Weapons
 d - a +0 war axe of venom (weapon)
Armour
 o - the scarf "Forioshre" {+Inv, rN+++ Dex+4 Stlth-}
   (You found it on level 4 of the Dungeon)

   Dex:       It affects your dexterity (+4).
   rN:        It renders you almost immune to negative energy.
   Stlth:     It makes you less stealthy.
 y - a +0 plate armour (worn)
 z - a +0 cloak (worn)
Jewellery
 p - a ring of flight (left hand)
Wands
 h - a wand of quicksilver (16)
 s - a wand of charming (26)
Scrolls
 a - 2 scrolls of identify {unknown}
 b - a scroll of torment {unknown}
 i - 2 scrolls of summoning {unknown}
 j - 4 scrolls of teleportation {unknown}
 n - 3 scrolls of noise {unknown}
 r - a scroll of fog {unknown}
 u - 2 scrolls of poison {unknown}
 w - a scroll of vulnerability {unknown}
 x - a scroll of fear {unknown}
Potions
 c - 3 potions of heal wounds
 e - 6 potions of curing
 f - a potion of magic {unknown}
 g - a potion of attraction {unknown}
 k - a potion of berserk rage {unknown}
 l - a potion of mutation {unknown}
 m - 4 potions of might {unknown}
 q - a potion of invisibility {unknown}
 t - 2 potions of haste {unknown}
 v - a potion of flight {unknown}


   Skills:
 + Level 6.5 Fighting
 + Level 9.5 Axes
 + Level 5.8 Armour
 + Level 3.7 Dodging
 + Level 1.8 Stealth


You had 7 spell levels left.
You didn't know any spells.
Your spell library was empty.

Dungeon Overview and Level Annotations

Branches:
Dungeon (6/15)             Temple (0/1) D:4         Ossuary (visited)

Altars:
Dithmenos
Xom

Shops:
D:4 *


Innate Abilities, Weirdness & Mutations

You have a pair of horns on your head.
You reflexively headbutt those who attack you in melee.


Message History

There is an escape hatch in the floor here.
You reach down and open the door.
There is an open door here.
Done exploring.
Done exploring.
There is an open door here.
There is an escape hatch in the floor here.
You fly downwards.
The hatch slams shut behind you.
A steam dragon comes into view.
Found a granite statue.
The steam dragon breathes steam at you. The ball of steam hits you!!
An ogre comes into view. It is wielding a +0 giant spiked club.
The steam dragon bites you! The steam dragon claws you.
You hit the steam dragon but do no damage.
The steam dragon breathes steam at you. The ball of steam hits you!
You hit the steam dragon but do no damage.
The steam dragon is poisoned.
You are engulfed in a cloud of scalding steam.
The steam dragon bites you but does no damage.
The steam dragon closely misses you.
You closely miss the steam dragon. Your headbutt misses the steam dragon.
You are engulfed in a cloud of scalding steam.
* * * LOW HITPOINT WARNING * * *
The steam dragon bites you.
* * * LOW HITPOINT WARNING * * *
The steam dragon closely misses you.
You hit the steam dragon but do no damage.
The steam dragon looks even sicker.
You headbutt the steam dragon, but do no damage.
The steam dragon barely misses you. The steam dragon claws you.
* * * LOW HITPOINT WARNING * * *
You hit the steam dragon.
The steam dragon looks as sick as possible!
You headbutt the steam dragon!
The steam dragon is heavily wounded.
The steam dragon breathes steam at you. The ball of steam hits you!!
You die...

#8 .. ..
####. ....#
...
#.#########
#.#
#.OD@.....#
#.#
#..######.#
#.# ....ยง#
#.# #.#
##....# #.#
#.# ......#
#.# #.#
######.#
#.# #.# ..#
#.# #.# ###
#.# #.# #.#


You could see a steam dragon (extremely poisoned, catching breath) and an ogre.

Vanquished Creatures
  Prince Ribbit (D:5)
  Eustachio (D:5)
  Edmund (D:5)
  An orc warrior (D:5)
  2 phantoms
  An elf zombie (Ossuary)
  A bullfrog (D:4)
  A scorpion (D:5)
  3 human zombies (Ossuary)
  2 hounds (D:5)
  Crazy Yiuf (D:5)
  An orc priest (D:4)
  An orc wizard (D:5)
  2 iguanas
  3 mummies (Ossuary)
  4 gnolls (D:5)
  5 adders
  3 adder zombies (Ossuary)
  2 worms (D:2)
  3 dart slugs (D:2)
  3 orcs
  4 ball pythons
  3 bats
  8 endoplasms
  A giant cockroach (D:4)
  3 gnoll zombies (Ossuary)
  11 goblins
  6 hobgoblins
  4 quokkas
  5 frilled lizards
  6 goblin zombies (Ossuary)
  4 hobgoblin zombies (Ossuary)
  A jackal zombie (Ossuary)
  7 kobolds
  2 kobold zombies (Ossuary)
  3 orc zombies (Ossuary)
  6 quokka zombies (Ossuary)
  6 rats
  3 rat zombies (Ossuary)
125 creatures vanquished.

Notes
Turn   | Place    | Note
-------+----------+-------------------------------------------
     0 | D:1      | Wiggles the Minotaur Berserker began the quest for the Orb.
     0 | D:1      | Reached XP level 1. HP: 19/19 MP: 0/0
   137 | D:1      | Reached XP level 2. HP: 21/27 MP: 1/1
   237 | D:1      | Found a faded altar of an unknown god.
   269 | D:1      | Reached skill level 4 in Axes
   422 | D:1      | Reached ** piety under Trog
   481 | D:1      | Reached XP level 3. HP: 33/33 MP: 2/2
   624 | D:2      | You fall into a shaft and drop 2 floors!
   635 | D:4      | Found a sand-covered staircase.
   680 | D:4      | Noticed a phantom
   692 | D:4      | Killed a phantom
   693 | D:4      | Reached skill level 5 in Axes
   693 | D:4      | Reached XP level 4. HP: 41/41 MP: 3/3
   758 | Ossuary  | Entered an ossuary
   863 | Ossuary  | Reached XP level 5. HP: 32/47 MP: 4/4
   972 | Ossuary  | Reached skill level 6 in Axes
  1035 | Ossuary  | Reached XP level 6. HP: 45/55 MP: 5/5
  1115 | Ossuary  | Reached *** piety under Trog
  1223 | D:4      | Identified the scarf "Forioshre" {+Inv, rN+++ Dex+4 Stlth-}
  1273 | D:4      | Found Illado's General Store.
  1281 | D:4      | Bought a potion of heal wounds for 70 gold pieces
  1536 | D:3      | Found a shadowy altar of Dithmenos.
  1728 | D:2      | Found a shimmering altar of Xom.
  1859 | D:2      | Reached skill level 5 in Fighting
  1879 | D:2      | Reached skill level 7 in Axes
  2842 | D:4      | Found a staircase to the Ecumenical Temple.
  2849 | D:4      | Reached XP level 7. HP: 61/61 MP: 6/6
  3035 | D:5      | Entered Level 5 of the Dungeon
  3039 | D:5      | Noticed Prince Ribbit
  3045 | D:5      | Reached skill level 1 in Stealth
  3048 | D:5      | Noticed Eustachio
  3052 | D:5      | Killed Prince Ribbit
  3053 | D:5      | Reached skill level 8 in Axes
  3055 | D:5      | Killed Eustachio
  3055 | D:5      | Reached **** piety under Trog
  3056 | D:5      | Reached skill level 5 in Armour
  3335 | D:5      | Reached XP level 8. HP: 70/70 MP: 7/7
  3494 | D:5      | Reached skill level 9 in Axes
  3553 | D:5      | Noticed Edmund
  3562 | D:5      | Killed Edmund
  3963 | D:5      | Found a runed translucent door.
  3964 | D:5      | Noticed Crazy Yiuf
  3965 | D:5      | Identified the +5 hammer of Xuabraep {heavy, rPois rC+++
                  | Str-3 Dex-4}
  3969 | D:5      | Killed Crazy Yiuf
  4100 | D:6      | Killed from afar by a steam dragon

Illustrated notes

Levels and vault maps discovered:
D:1:      nagdon_arrival_zigzag_paths, layout_basic,
          ebering_ecumenical_altar_rust
D:2:      layout_rooms, basic_altar, serial_forest, infiniplex_forest_lined_3,
          infiniplex_forest_lined_2, infiniplex_forest_end_3,
          infiniplex_forest_corner_1, infiniplex_forest_clump_diagonal,
          infiniplex_forest_lined_room_2, infiniplex_forest_lined_corner,
          infiniplex_forest_lined_3, minmay_bisected
D:3:      layout_basic, nicolae_dithmenos_through_a_glass_darkly,
          kennysheep_potato
D:4:      layout_loops_ring, minmay_temple_entry_proselytizer,
          nicolae_ossuary_entry_false_entrances, serial_shops,
          nicolae_shop_advertising_works [nicolae_subvault_shop_adworks]
D:5:      layout_basic, uniq_crazy_yiuf_cottage, uniq_prince_ribbit1,
          uniq_eustachio, uniq_edmund
D:6:      layout_basic, marbit_many_paths, serial_shops, nicolae_shop_crystal,
          guppyfry_early_elven_hall

Skill      XL: |  1  2  3  4  5  6  7  8 |
---------------+-------------------------+-----
Fighting       | 4 5 6 |  6.5
Axes           | 4 5 6 7 8 9 |  9.5
Dodging        | 3 |  3.7
Armour         | 3 4 5 |  5.8
Stealth        | 1 |  1.8

Action                     |  1- 3 |  4- 6 |  7- 9 || total
---------------------------+-------+-------+-------++-------
  Melee: War axe           |    38 |   187 |    47 ||   272
         Hand axe          |     5 |       |       ||     5
         Headbutt          |     5 |    34 |     6 ||    45
         Punch             |       |     1 |       ||     1
 Invoke: Berserk           |     1 |       |     2 ||     3
   Stab: Sleeping          |     1 |       |       ||     1
 Armour: Animal skin       |     8 |       |       ||     8
         Chain mail        |     1 |    73 |       ||    74
         Plate armour      |       |     5 |    20 ||    25
  Dodge: Dodged            |    28 |    75 |    21 ||   124
